 Dungeon Crawl Stone Soup version 0.25-a0-294-gea9b1ad378 (webtiles) character file.

Game seed: 2209748034410418145, levelgen mode: deterministic

132 Redear the Skirmisher (level 4, -2/37 HPs)
             Began as a Mummy Monk on Dec 18, 2019.
             Slain by a hound (4 damage)
             ... on level 4 of the Dungeon.
             The game lasted 00:04:21 (4383 turns).

Redear the Skirmisher (Mummy Monk)                  Turns: 4383, Time: 00:04:21

Health: -2/37      AC:  1    Str: 14    XL:     4   Next: 92%
Magic:  13/13      EV: 13    Int:  9    God:
Gold:   172        SH:  0    Dex: 15    Spells: 3/3 levels left

rFire    x . .     SeeInvis .     - Unarmed
rCold    + . .     Gourm    .   (no shield)
rNeg     + + +     Faith    .   (no armour)
rPois    ∞         Spirit   .   (no helmet)
rElec    .         Reflect  .   (no cloak)
rCorr    .         Harm     .   d - +0 pair of gloves
MR       .....     Rnd*Tele +   (no boots)
Stlth    ++........             (no amulet)
HPRegen  0.12/turn              a - ring of magical power {MP+9}
MPRegen  0.13/turn              l - ring of teleportation (curse) {+/*tele}

@: no status effects
A: no food or potions, fire vulnerability, cold resistance 1, negative energy
resistance 3, torment resistance, unbreathing
a: no special abilities


You were on level 4 of the Dungeon.
You were not hungry.

You visited 1 branch of the dungeon, and saw 4 of its levels.

You collected 172 gold pieces.

Inventory:

Armour
 d - a +0 pair of gloves (worn)
 e - a +0 helmet
 m - a scarf of resistance
Jewellery
 a - a ring of magical power (left hand) {MP+9}
 h - an uncursed amulet of magic regeneration {unknown}
 l - a cursed ring of teleportation (right hand) {+/*tele}
Wands
 i - a wand of polymorph (12)
Scrolls
 b - 8 scrolls of identify {unknown}
 c - a scroll of enchant weapon {unknown}
 f - a scroll of teleportation {unknown}
 g - a scroll of amnesia {unknown}
 j - 2 scrolls of enchant armour {unknown}
 k - 3 scrolls of remove curse {unknown}


   Skills:
 + Level 4.0 Fighting
 + Level 3.3 Dodging
 - Level 1.5 Stealth
 + Level 3.3 Unarmed Combat


You had 3 spell levels left.
You didn't know any spells.
Your spell library was empty.

Dungeon Overview and Level Annotations

Branches:
Dungeon (4/15)
 Temple: D:4-7

Altars:
Ashenzari
Dithmenos
Sif Muna


Innate Abilities, Weirdness & Mutations

You do not eat or drink.
Your flesh is vulnerable to fire.
You are immune to poison.
Your flesh is cold resistant. (rC+)
You are immune to negative energy. (rN+++)
You are immune to unholy pain and torment.
You can survive without breathing.


Message History

The hound is heavily wounded.
The hound bites you.
* * * LOW HITPOINT WARNING * * *
You take 3 damage, and have 2/37 hp.
You barely miss the hound.
The hound is heavily wounded.
The hound barely misses you.
You hit the hound.
The hound is severely wounded.
The hound closely misses you. x2
You barely miss the hound.
The hound is severely wounded.
The hound misses you.
You miss the hound.
The hound is severely wounded.
The hound bites you but does no damage.
You barely miss the hound.
The hound is severely wounded.
The hound bites you.
You die...

..# ..# #.#.# #.#.# #
#.#.#.. #.#####.#.#.#
#.........#.#
#.#############.....##
#...h@................
#.#######.###.#..##...
######.#<#.#..##...
........[...........
#######.#.#.#..##...
#.#.#.#..##...
#.#...#..##...
#.#####..##...
.........##...


You could see a hound.

Vanquished Creatures
  Natasha (D:3)
  A gnoll (D:1)
  3 adders
  An ooze (D:3)
  A worm (D:2)
  2 dart slugs
  2 leopard geckos
  An orc (D:3)
  4 giant cockroaches
  8 goblins
  4 hobgoblins
  5 jackals
  A quokka (D:2)
  7 bats
  6 frilled lizards
  2 kobolds (D:3)
  10 rats
59 creatures vanquished.

Notes
Turn   | Place    | Note
-------+----------+-------------------------------------------
     0 | D:1      | Redear the Mummy Monk began the quest for the Orb.
     0 | D:1      | Reached XP level 1. HP: 18/18 MP: 1/1
   188 | D:1      | Reached XP level 2. HP: 17/24 MP: 2/2
   341 | D:1      | HP: 2/24 [bat (1)]
   936 | D:1      | Reached XP level 3. HP: 23/29 MP: 3/3
  1524 | D:2      | Reached skill level 3 in Dodging
  1524 | D:2      | Reached skill level 3 in Unarmed Combat
  1819 | D:2      | Found a shadowy altar of Dithmenos.
  1947 | D:2      | Found a shimmering blue altar of Sif Muna.
  2370 | D:3      | Reached XP level 4. HP: 16/37 MP: 4/4
  2664 | D:3      | Noticed Natasha
  2787 | D:3      | Found a shattered altar of Ashenzari.
  2791 | D:3      | Saw a vision of the Shoals and the Spider Nest.
  2791 | D:3      | Noticed a merfolk siren
  2791 | D:3      | Noticed a sea snake
  2791 | D:3      | Noticed a merfolk
  2791 | D:3      | Noticed a merfolk siren
  2791 | D:3      | Noticed a merfolk siren
  2791 | D:3      | Noticed a merfolk
  2791 | D:3      | Noticed a redback
  2791 | D:3      | Noticed a wolf spider
  2797 | D:3      | Noticed a wolf spider
  3314 | D:3      | Killed Natasha
  3314 | D:3      | Reached skill level 4 in Fighting
  4378 | D:4      | HP: 2/37 [hound (3)]
  4383 | D:4      | Slain by a hound

Levels and vault maps discovered:
D:1:      minmay_arrival_jagged, layout_basic, chequers_jeans,
          minmay_misc_feat_tower, minmay_pentomino_o2
D:2:      layout_loops_ring, lemuel_doored_altar, led_sif_pool
D:3:      layout_basic, first_ration, grunt_decor_fettered,
          grunt_ashenzari_visionary [grunt_ashenzari_visionary_shoals,
          grunt_ashenzari_visionary_spider], uniq_natasha
D:4:      layout_basic

Skill      XL: |  1  2  3  4 |
---------------+-------------+-----
Dodging        | 3 |  3.3
Unarmed Combat | 3 |  3.3
Fighting       | 4 |  4.0
Stealth        | |  1.5

Action                   |  1- 3 |  4- 6 || total
-------------------------+-------+-------++-------
Melee: Unarmed           |   188 |    71 ||   259
       Punch             |     1 |     1 ||     2
 Stab: Sleeping          |     4 |     1 ||     5
Armor: Skin              |    14 |     4 ||    18
Dodge: Dodged            |   136 |    36 ||   172

Table legend:
 A = Non-vault XP
 B = Vault XP
 C = Vault XP percentage of total XP
 D = Non-vault monster count
 E = Vault monster count
 F = Vault count percentage of total count
                 A         B        C        D         E       F
            +---------+---------+-------+---------+---------+-------
      Total |     153 |      36 |  19.0 |      57 |       2 |   3.4
            +---------+---------+-------+---------+---------+-------
        D:1 |      41 |       1 |   2.4 |      18 |       1 |   5.3
        D:2 |      53 |       0 |   0.0 |      24 |       0 |   0.0
        D:3 |      59 |      35 |  37.2 |      15 |       1 |   6.2
            +---------+---------+-------+---------+---------+-------
